 Dungeon Crawl Stone Soup version 0.21-a0-404-g291f19a (webtiles) character file.

1 theanonym the Caller (level 1, 0/13 HPs)
             Began as a Barachi Summoner on Oct 31, 2017.
             Slain by a giant cockroach (2 damage)
             ... on level 1 of the Dungeon.
             The game lasted 00:00:57 (52 turns).

theanonym the Caller (Barachi Summoner)               Turns: 52, Time: 00:00:58

Health: 0/13       AC:  2    Str:  9    XL:     1   Next: 20%
Magic:  3/3        EV: 12    Int: 15    God:
Gold:   10         SH:  0    Dex: 12    Spells: 3/4 levels left

rFire    . . .     SeeInvis .   (no weapon)
rCold    . . .     Gourm    .   (no shield)
rNeg     . . .     Faith    .   a - +0 robe
rPois    .         Spirit   .   (no helmet)
rElec    .         Reflect  .   (no cloak)
rCorr    .         Harm     .   (no gloves)
MR       .....                  (no boots)
Stlth    ++........             (no amulet)
HPRegen  0.04/turn              (no ring)
MPRegen  0.08/turn              (no ring)

@: slow
A: +LOS, swims, slowness 1, strong legs 1
a: Hop


You were on level 1 of the Dungeon.
You were not hungry.

You visited 1 branch of the dungeon, and saw 1 of its levels.

You collected 10 gold pieces.

Inventory:

Armour
 a - a +0 robe (worn)
Books
 b - a book of Callings

   Spells                             Type                      Level
   a - Summon Small Mammal            Summoning                    1
   b - Call Imp                       Summoning                    2
   c - Call Canine Familiar           Summoning                    3
   d - Summon Guardian Golem          Hexes/Summoning              3
   e - Summon Lightning Spire         Summoning/Air                4
   f - Summon Ice Beast               Ice/Summoning                4
Comestibles
 c - a bread ration
 d - a chunk of flesh


   Skills:
 - Level 2.1 Dodging
 - Level 1.7 Stealth
 + Level 2.2 Spellcasting
 + Level 4.8 Summonings


You had 3 spell levels left.
You knew the following spells:

 Your Spells              Type           Power        Failure   Level  Hunger
a - Summon Small Mammal   Summ           ###.         3%          1    #......


Dungeon Overview and Level Annotations

Branches:
Dungeon (1/15)

Altars:


Innate Abilities, Weirdness & Mutations

Shadows flee at your approach. (+LOS)
You can swim through water.
You cover ground slowly.
You can hop short distances.


Message History

Your bat hits the rat but does no damage.
The rat misses you.
You barely miss the rat.
Your bat hits the rat but does no damage.
The rat closely misses you.
You closely miss the rat. Your bat hits the rat. The rat barely misses you.
You barely miss the rat. Your bat hits the rat.
The rat dies!
No target in view!
No target in view!
No target in view!
You butcher the rat corpse.
d - a chunk of flesh You now have 10 gold pieces.
A hobgoblin comes into view. It is wielding a club.
Found 20 bolts.
MP restored: 3 The helpless hobgoblin fails to defend itself.
You hit the hobgoblin but do no damage.
The hobgoblin hits you but does no damage.
You hit the hobgoblin but do no damage. The hobgoblin misses you.
You barely miss the hobgoblin. The hobgoblin closely misses you.
Your bat hits the hobgoblin but does no damage.
Your bat closely misses the hobgoblin.
The hobgoblin hits your bat with a club.
Found a meat ration.
Your bat hits the hobgoblin but does no damage.
Your bat hits the hobgoblin.
Your bat hits the hobgoblin but does no damage.
The hobgoblin misses your bat.
Your bat closely misses the hobgoblin.
You hit the hobgoblin.
Your bat barely misses the hobgoblin.
Your bat closely misses the hobgoblin.
The hobgoblin hits you with a club.
* * * LOW HITPOINT WARNING * * *
Your bat hits the hobgoblin but does no damage.
You take 5 damage, and have 6/13 hp.
MASSIVE DAMAGE!!
You barely miss the hobgoblin.
Your bat hits the hobgoblin but does no damage.
Your bat closely misses the hobgoblin.
The hobgoblin hits you but does no damage.
You hit the hobgoblin but do no damage.
Your bat completely misses the hobgoblin.
Your bat hits the hobgoblin but does no damage.
The hobgoblin barely misses you.
You hit the hobgoblin but do no damage.
Your bat hits the hobgoblin but does no damage.
The hobgoblin hits you with a club.
* * * LOW HITPOINT WARNING * * *
Your bat hits the hobgoblin but does no damage.
You take 2 damage, and have 5/13 hp.
Your bat hits the hobgoblin but does no damage.
Your bat disappears in a puff of smoke!
The hobgoblin hits you with a club.
* * * LOW HITPOINT WARNING * * *
You take 4 damage, and have 1/13 hp.
MASSIVE DAMAGE!!
You aren't carrying any potions.
The hobgoblin hits you but does no damage.
You now have 2/3 mp.
The hobgoblin closely misses your quokka.
Your quokka bites the hobgoblin.
The hobgoblin hits your quokka but does no damage.
Your quokka barely misses the hobgoblin.
The hobgoblin barely misses your quokka.
Your quokka barely misses the hobgoblin.
Your quokka completely misses the hobgoblin.
The hobgoblin closely misses your quokka.
Your quokka closely misses the hobgoblin.
The hobgoblin misses your quokka.
Your quokka closely misses the hobgoblin.
The hobgoblin hits your quokka with a club.
Your quokka barely misses the hobgoblin.
Your quokka bites the hobgoblin but does no damage.
The hobgoblin barely misses your quokka.
Your quokka barely misses the hobgoblin.
The hobgoblin hits your quokka with a club.
Your quokka barely misses the hobgoblin.
Your quokka barely misses the hobgoblin.
The hobgoblin misses your quokka.
Your quokka bites the hobgoblin.
The hobgoblin hits your quokka with a club.
MP restored: 3 Your quokka barely misses the hobgoblin.
The hobgoblin hits your quokka but does no damage.
Your quokka barely misses the hobgoblin.
The hobgoblin hits your quokka with a club.
Your quokka bites the hobgoblin but does no damage.
Your quokka misses the hobgoblin.
The hobgoblin barely misses your quokka.
Found 16 stones.
A giant cockroach comes into view.
Found a fizzy cyan potion.
The giant cockroach closely misses you. The giant cockroach closely misses you.
The giant cockroach barely misses you.
You see here a fizzy cyan potion.
The giant cockroach misses you.
Your quokka bites the hobgoblin.
The hobgoblin dies!
The giant cockroach bites you.
You die...

#.........#
#.###).####
##.#
#..########
####..#
#r..(......
+..#..#
##!.....#.#
#.<#..#
#.####...#
+...r## #.# .##
#..#g## #s#
...#####.####@#
#....(.......#
#.##.##.######
# #.## .%# #.#
... ###


You could see a giant cockroach and a friendly quokka.

Vanquished Creatures (collateral kills)
  A hobgoblin (D:1)
  A rat (D:1)
2 creatures vanquished.

Notes
Turn   | Place    | Note
-------+----------+-------------------------------------------
     0 | D:1      | theanonym the Barachi Summoner began the quest for the Orb.
     0 | D:1      | Reached XP level 1. HP: 13/13 MP: 3/3
    26 | D:1      | HP: 1/13 [hobgoblin/club (4)]
    52 | D:1      | Slain by a giant cockroach

Vault maps used:
D:1:      dpeg_arrival_ratfight

Action                   || total
-------------------------++-------
Melee: Unarmed           ||    13
 Cast: Summon Small Mamm ||     2
 Stab: Sleeping          ||     1
Armor: Robe              ||     1
Dodge: Dodged            ||    10

Table legend:
 A = Spawn XP
 B = Non-spawn XP
 C = Spawn XP percentage of total XP
 D = Spawn monster count
 E = Non-spawn monster count
 F = Spawn count percentage of total count
 G = Total turns spent on level
                    A         B        C        D         E        F      G
               +---------+---------+-------+---------+---------+-------+---------
         Total |       0 |       2 |   0.0 |       0 |       2 |   0.0 |    52
               +---------+---------+-------+---------+---------+-------+---------
           D:1 |       0 |       2 |   0.0 |       0 |       2 |   0.0 |    52
               +---------+---------+-------+---------+---------+-------+---------
